 Dungeon Crawl Stone Soup version 0.31-a0-986-g5e6e4ef867 (webtiles) character file.

Game seed: 12710922130830442369

10667 FakeRyeBread the Grappler (level 11, -2/110 HPs)
             Began as a Troll Fighter on Nov 9, 2023.
             Was an Elder of Wu Jian.
             Blown up by Maurice (19 damage)
             ... with a mindburst bolt
             ... on level 11 of the Dungeon.
             The game lasted 00:23:54 (7672 turns).

FakeRyeBread the Grappler (Troll Fighter)           Turns: 7672, Time: 00:23:55

Health: -2/110     AC:  9    Str: 26    XL:     11   Next: 39%
Magic:  10/10      EV: 10    Int:  8    God:    Wu Jian [****..]
Gold:   546        SH: 11    Dex:  9    Spells: 10/10 levels left

rFire   . .          .
                       - Unarmed
rCold   . . .        b - +2 kite shield
rNeg    . . .        N - +0 steam dragon scales
rPois   +            (helmet restricted)
rElec   .            r - +1 cloak
rCorr   .            (gloves unavailable)
SInv    .            (boots unavailable)
Will    .....        G - amulet of faith
Stlth   +            i - ring of poison resistance
HPRegen 1.18/turn    m - ring of flight
MPRegen 0.12/turn

%: faith
@: flying
A: large, unfitting armour, claws 3, regeneration 1, shaggy fur 1, tough skin 1
a: Renounce Religion, Wall Jump, Serpent's Lash


You were on level 11 of the Dungeon.
You worshipped Wu Jian.
Wu Jian was greatly pleased with you.
You visited 2 branches of the dungeon, and saw 12 of its levels.

You collected 1093 gold pieces.
You spent 547 gold pieces at shops.

Inventory:

Hand Weapons
 w - a +0 hand axe
Missiles
 u - 18 boomerangs
 v - 70 stones
 K - 7 javelins
 O - 2 curare-tipped darts
Armour
 b - a +2 kite shield (worn)
 r - a +1 cloak (worn)
 N - +0 steam dragon scales (worn)
Jewellery
 i - a ring of poison resistance (left claw)
 j - a +6 ring of strength
 l - a ring of protection from fire
 m - a ring of flight (right claw)
 o - a ring of positive energy
 G - an amulet of faith (around neck)
Wands
 s - a wand of acid (10)
 B - a wand of flame (39)
 P - a wand of polymorph (2)
Scrolls
 a - a scroll of torment
 f - a scroll of revelation
 t - 2 scrolls of fear
 A - 3 scrolls of noise
 C - 5 scrolls of enchant weapon
 D - 2 scrolls of blinking
 E - 2 scrolls of immolation
 H - 4 scrolls of identify
 J - a scroll of amnesia
 M - a scroll of teleportation
Potions
 c - 2 potions of might
 d - a potion of mutation
 e - a potion of cancellation
 g - a potion of heal wounds
 h - 2 potions of invisibility
 k - 2 potions of degeneration
 n - 3 potions of attraction
 p - 2 potions of resistance
 q - 2 potions of lignification
 x - 4 potions of curing
 z - a potion of enlightenment
 F - 2 potions of haste
 L - 3 potions of brilliance


   Skills:
 + Level 7.6 Fighting
 + Level 5.6 Dodging
 + Level 8.3 Shields
 * Level 12.2 Unarmed Combat


You had 10 spell levels left.
You didn't know any spells.
Your spell library contained the following spells:

 Spells                   Type           Power      Damage    Failure   Level
 Animate Dead             Necr           0%         N/A       100%        4
 Haunt                    Necr/Summ      0%         N/A       100%        7
 Infestation              Necr           0%         N/A       100%        8


Dungeon Overview and Level Annotations

Branches:
Dungeon (11/15)            Temple (1/1) D:6            Lair (0/5) D:10
    Orc (0/2) D:10

Altars:
Ashenzari
Cheibriados
Dithmenos
Elyvilon
Fedhas
Gozag
Kikubaaqudgha
Makhleb
Nemelex Xobeh
Okawaru
Qazlal
Ru
Sif Muna
Trog
Uskayaw
Vehumet
Wu Jian
Xom
Yredelemnul
Zin
The Shining One

Shops:
D:1 *   D:8 *

Annotations:
D:11 Maurice


Innate Abilities, Weirdness & Mutations

You are too large for most types of armour.
You have claws for hands.
Your natural rate of healing is unusually fast.
You are covered in fur. (AC +1)
You have tough skin. (AC +1)


Message History

You hear a bow twang.
An arrow appears from out of thin air!
A magic dart appears from out of thin air!
The magic dart hits you.
* * * LOW HITPOINT WARNING * * *
Maurice appears from thin air!
Reactivating autopickup.
Maurice zaps a wand.
Your mind is blasted!
* * * LOW HITPOINT WARNING * * *
Maurice shoots an arrow.
You block the arrow. You block something's attack.
Deactivating autopickup; reactivate with Ctrl-A.
You mangle something!! The Council accepts your kill.
Reactivating autopickup.
You feel a bit more experienced.
You lunge at the troll, in a flurry of attacks.
You scratch the troll.
The troll is lightly wounded.
You mangle the troll!!
The troll is severely wounded.
The troll bites you.
* * * LOW HITPOINT WARNING * * *
The troll claws you.
* * * LOW HITPOINT WARNING * * *
You block the troll's attack.
Things that are here:
a +0 dagger; a +0 robe; an orc corpse You spin and attack the troll repeatedly.
You mangle the troll!!
You kill the troll!
The Council accepts your kill. You block the orc's attack.
You mangle the orc!!
You kill the orc!
The Council accepts your kill.
You barely miss the orc.
Maurice says, "Lost something?"
Maurice zaps a wand.
Your mind is blasted!
You die...

######### ##.....T.#
##..#####.# ##.#.#####.#
#.#.@.)†##{#
.#.#######...##@##T#
........###..##o##o#######
####.###.....o.....†..#
#<.......###.###.##...#
#.##.##### #..........####
#.##[# #####.........#
.....# #.........# ##.####
#.........# #.#
####...####


You could see Maurice, an orc wizard and an orc.

Vanquished Creatures
  Fannar (D:10)
  5 two-headed ogres
  Pikel (D:7)
  Joseph (D:7)
  2 komodo dragons (D:10)
  A troll (D:11)
  2 hornets
  2 wyverns (D:9)
  7 vampire mosquitoes
  A steam dragon (D:9)
  Menkaure (D:7)
  A water moccasin (D:7)
  2 sky beasts
  5 orc warriors
  2 black bears
  2 ogres
  3 centaurs
  A lemure (D:7)
  A phantom (D:6)
  A kobold brigand (D:6)
  2 bullfrogs (D:8)
  3 scorpions
  8 wights
  3 killer bees (D:9)
  3 howler monkeys (D:11)
  5 hounds
  A jelly (D:6)
  A gnoll bouda (D:7)
  10 orc priests
  A sleepcap (D:2)
  Crazy Yiuf (D:7)
  Jessica (D:2)
  3 iguanas
  15 orc wizards
  Robin (D:3)
  8 gnolls
  9 adders
  A shadow imp (D:8)
  2 white imps
  2 ufetubi (D:5)
  6 dart slugs
  A worm (D:3)
  47 orcs
  9 ball pythons
  6 endoplasms
  3 giant cockroaches
  12 goblins
  9 hobgoblins
  10 jackals
  10 kobolds
  2 quokkas
  7 bats
  4 frilled lizards (D:1)
  3 rats
251 creatures vanquished.

Notes
Turn   | Place    | Note
-------+----------+-------------------------------------------
     0 | D:1      | FakeRyeBread the Troll Fighter began the quest for the Orb.
     0 | D:1      | Reached XP level 1. HP: 22/22 MP: 0/0
   105 | D:1      | Reached XP level 2. HP: 29/29 MP: 1/1
   172 | D:1      | Found Binil's General Store.
   256 | D:1      | Reached XP level 3. HP: 36/36 MP: 2/2
   325 | D:1      | Reached skill level 3 in Unarmed Combat
   739 | D:2      | Reached XP level 4. HP: 43/44 MP: 3/3
   888 | D:2      | Noticed Jessica
   891 | D:2      | Killed Jessica
   892 | D:2      | Reached skill level 4 in Unarmed Combat
   892 | D:2      | Reached XP level 5. HP: 50/53 MP: 4/4
  1565 | D:3      | Noticed Robin
  1579 | D:3      | Killed Robin
  2146 | D:4      | Noticed a black bear
  2160 | D:4      | Reached XP level 6. HP: 43/61 MP: 5/5
  2165 | D:4      | Reached skill level 5 in Unarmed Combat
  2505 | D:4      | Reached XP level 7. HP: 70/70 MP: 6/6
  2653 | D:5      | Entered Level 5 of the Dungeon
  2685 | D:5      | Reached skill level 6 in Unarmed Combat
  3014 | D:5      | Found a hide-covered altar of Uskayaw.
  3155 | D:5      | Found a white marble altar of Elyvilon.
  3199 | D:5      | Found an iron altar of Okawaru.
  3199 | D:5      | Found a shimmering blue altar of Sif Muna.
  3214 | D:5      | Identified a scroll of acquirement
  3214 | D:5      | Acquired 957 gold pieces
  3346 | D:6      | Found a staircase to the Ecumenical Temple.
  3379 | Temple   | Entered the Ecumenical Temple
  3443 | Temple   | Became a worshipper of the Wu Jian Council
  3487 | D:6      | Reached XP level 8. HP: 79/79 MP: 7/7
  3496 | D:6      | Reached skill level 5 in Shields
  3509 | D:6      | Reached skill level 7 in Unarmed Combat
  3930 | D:1      | Bought a potion of might for 40 gold pieces
  3930 | D:1      | Bought a potion of curing for 30 gold pieces
  3930 | D:1      | Bought a lightning rod (4/4) for 400 gold pieces
  4147 | D:7      | Reached skill level 5 in Fighting
  4153 | D:7      | Found a stormy altar of Qazlal.
  4172 | D:7      | Noticed an air elemental
  4180 | D:7      | Noticed Menkaure
  4182 | D:7      | Killed Menkaure
  4183 | D:7      | Reached skill level 8 in Unarmed Combat
  4204 | D:7      | Noticed Joseph
  4205 | D:7      | Noticed Pikel
  4225 | D:7      | Killed Pikel
  4226 | D:7      | Reached XP level 9. HP: 25/88 MP: 8/8
  4283 | D:7      | Killed Joseph
  4284 | D:7      | Reached skill level 9 in Unarmed Combat
  4368 | D:7      | Found a runed translucent door.
  4369 | D:7      | Noticed Crazy Yiuf
  4457 | D:7      | Reached * piety under Wu Jian
  4768 | D:7      | Killed Crazy Yiuf
  4898 | D:8      | Found a bloodstained altar of Trog.
  5007 | D:8      | Found Araeg's Elemental Accessories.
  5016 | D:8      | Bought a wand of flame (10) for 77 gold pieces
  5263 | D:8      | Identified the +0 shortbow "Acarinebane" {freeze, +Blink
                  | rElec rPois Str+3}
  5381 | D:8      | Reached skill level 10 in Unarmed Combat
  5747 | D:9      | Reached XP level 10. HP: 58/100 MP: 9/9
  5752 | D:9      | Reached ** piety under Wu Jian
  6113 | D:9      | Found a shimmering altar of Xom.
  6114 | D:9      | Found a shimmering altar of Xom.
  6115 | D:9      | Found a shimmering altar of Xom.
  6115 | D:9      | Found a shimmering altar of Xom.
  6117 | D:9      | Found a shimmering altar of Xom.
  6122 | D:9      | Found a shimmering altar of Xom.
  6624 | D:10     | Entered Level 10 of the Dungeon
  6651 | D:10     | Noticed Fannar
  6694 | D:10     | Killed Fannar
  6775 | D:10     | Found a staircase to the Lair.
  6783 | D:10     | Identified the +3 whip "Eruczi" {pain, *Slow Will+ MP+9
                  | Str+8}
  6797 | D:10     | Reached skill level 11 in Unarmed Combat
  6837 | D:10     | Noticed a two-headed ogre
  6842 | D:10     | Killed a two-headed ogre
  6898 | D:10     | Noticed a two-headed ogre
  6912 | D:10     | Killed a two-headed ogre
  6913 | D:10     | Reached skill level 5 in Dodging
  6978 | D:10     | Reached *** piety under Wu Jian
  7013 | D:10     | Found a staircase to the Orcish Mines.
  7059 | D:10     | Noticed a two-headed ogre
  7067 | D:10     | Killed a two-headed ogre
  7068 | D:10     | Reached XP level 11. HP: 56/109 MP: 10/10
  7260 | D:10     | Noticed a two-headed ogre
  7266 | D:10     | Killed a two-headed ogre
  7528 | D:11     | Reached skill level 12 in Unarmed Combat
  7571 | D:11     | Noticed Maurice
  7577 | D:11     | Maurice stole a lightning rod (4/4)
  7580 | D:11     | Something stole a ring of protection from fire
  7581 | D:11     | Something stole 9 javelins
  7586 | D:11     | Noticed a two-headed ogre
  7621 | D:11     | Killed a two-headed ogre
  7646 | D:11     | Something stole 487 gold
  7670 | D:11     | Reached **** piety under Wu Jian
  7672 | D:11     | Blown up by Maurice

Illustrated notes

Levels and vault maps discovered:
D:1:      dpeg_arrival_subterranean_lakeside_camping, layout_basic,
          serial_rivers, chequers_serial_rivers_small_b,
          chequers_serial_rivers_micro_d, chequers_serial_rivers_marsh,
          chequers_serial_rivers_micro_e, chequers_serial_rivers_marsh,
          serial_shops, nicolae_lakefront_shop, minmay_tree_intersection
D:2:      layout_rooms, uniq_jessica
D:3:      layout_basic, uniq_robin
D:4:      layout_basic
D:5:      layout_rooms, nicolae_overflow_hidden_temple, dreamdust_gnoll_farm
D:6:      layout_cave_pools, minmay_temple_entry_grid
D:7:      layout_basic, nicolae_qazlal_style_of_elements,
          kennysheep_generic_room_14, uniq_joseph, uniq_menkaure,
          uniq_crazy_yiuf_cottage, uniq_pikel
D:8:      layout_cave_pools, bloody_trog, serial_co_window_serial,
          co_window_of_opportunity_a, co_window_paths_a, co_window_paths_b,
          co_window_corner_a, co_window_paths_a, co_window_paths_c,
          co_window_cross_2, co_window_corner_cb, co_window_4corner_b,
          glass_columns_c, glass_columns_c, glass_columns_b,
          nicolae_elemental_shop
D:9:      layout_irregular_city, xom_redecorated
D:10:     layout_basic, david_lair_shrubbed, hiddenorc2_lemuel, uniq_fannar
D:11:     layout_loops_cross, ebering_ghost_inner_flame, uniq_maurice,
          uniq_erica
Temple:   eino_narrow_crystal_temple

Skill      XL: |  1  2  3  4  5  6  7  8  9 10 11 |
---------------+----------------------------------+-----
Shields        | 3 4 6 8 |  8.3
Unarmed Combat | 3 4 5 6 8 10 11 12 | 12.2
Fighting       | 3 4 5 6 7 |  7.6
Dodging        | 3 5 |  5.6

Action                     |  1- 3 |  4- 6 |  7- 9 | 10-12 || total
---------------------------+-------+-------+-------+-------++-------
  Melee: Unarmed           |    95 |   175 |   255 |   247 ||   772
  Throw: Stone             |       |     3 |     1 |       ||     4
 Invoke: Serpent's Lash    |       |       |       |     1 ||     1
Ability: Lunge             |       |       |     7 |    18 ||    25
         Whirlwind         |       |       |     1 |     8 ||     9
  Evoke: Lightning rod     |       |       |    10 |     2 ||    12
    Use: Scroll            |       |    12 |    14 |     2 ||    28
         Potion            |       |       |     1 |     3 ||     4
   Stab: Sleeping          |     2 |       |       |       ||     2
 Armour: Robe              |    60 |   100 |   181 |    22 ||   363
         Steam dragon scal |       |       |       |   106 ||   106
  Dodge: Dodged            |    38 |    76 |    82 |    70 ||   266
  Block: Kite shield       |    48 |    75 |   105 |   113 ||   341

Table legend: (Time is in decaauts)
 A = Elapsed time spent in this place.
 B = Non-inter-level travel time spent in this place.
 C = Inter-level travel time spent in this place.
 D = Time resting spent in this place.
 E = Time spent auto-exploring this place.
 F = Levels seen in this place.
 G = Mean time per level.
                   A        B        C        D        E       F      G
               +--------+--------+--------+--------+--------+-----+--------+
         Total |   7651 |   6623 |   1028 |    440 |   4595 |  12 |  637.6 |
       Dungeon |   7571 |   6619 |    952 |    440 |   4595 |  11 |  688.3 |
        Temple |     79 |      3 |     76 |      0 |      0 |   1 |   79.0 |
               +--------+--------+--------+--------+--------+-----+--------+

Top non-repeatable levels by time:
     D:3: 1087 daAuts
     D:9: 946 daAuts
    D:10: 848 daAuts
     D:8: 845 daAuts
     D:1: 761 daAuts
     D:7: 697 daAuts
     D:4: 582 daAuts
     D:5: 575 daAuts
     D:6: 559 daAuts
     D:2: 489 daAuts
    D:11: 177 daAuts
  Temple: 79 daAuts
